 Dungeon Crawl Stone Soup version 0.21.0-30-g47ce8e4 (webtiles) character file.

2668 loljkpro the Covert (level 9, -18/45 HPs)
             Began as a Spriggan Enchanter on Jan 28, 2018.
             Was an Initiate of Gozag.
             Demolished by a skeletal warrior
             ... wielding a +0 glaive
             ... led by a skeletal warrior
              (19 damage)
             ... on level 8 of the Dungeon.
             The game lasted 00:31:49 (9261 turns).

loljkpro the Covert (Spriggan Enchanter)            Turns: 9261, Time: 00:32:19

Health: -18/45     AC:  2    Str:  4    XL:     9   Next: 37%
Magic:  18/23      EV: 22    Int: 20    God:    Gozag
Gold:   745        SH:  0    Dex: 16    Spells: 14/26 levels left

rFire    . . .     SeeInvis +   a - +2 dagger (venom)
rCold    + . .     Gourm    .   (shield restricted)
rNeg     . . .     Faith    .   f - +0 robe
rPois    .         Spirit   .   (helmet restricted)
rElec    .         Reflect  .   (no cloak)
rCorr    .         Harm     .   (gloves unavailable)
MR       +....                  (boots unavailable)
Stlth    +++++.....             (no amulet)
HPRegen  0.15/turn              n - +4 ring of evasion
MPRegen  0.18/turn              y - ring of protection from cold

@: about to teleport, very slightly contaminated, very quick
A: very small, unfitting armour, see invisible, herbivore, speed 3, slow
metabolism 2
a: Potion Petition, Call Merchant, Bribe Branch, Renounce Religion


You were on level 8 of the Dungeon.
You worshipped Gozag.
Gozag was pleased with you.
You were near starving.

You visited 2 branches of the dungeon, and saw 9 of its levels.

You collected 868 gold pieces.
You paid 123 gold pieces to Gozag.

Inventory:

Hand Weapons
 a - a +2 dagger of venom (weapon)
Missiles
 g - 32 poisoned needles
 k - 203 stones (quivered)
Armour
 b - a +0 robe
 f - a +0 robe (worn)
 s - a +0 buckler
Magical Staves
 p - an uncursed staff of conjuration
Jewellery
 n - a +4 ring of evasion (left hand)
 r - an uncursed ring of see invisible
 y - a ring of protection from cold (right hand)
 B - an uncursed ring of resist corrosion {unknown}
Wands
 G - a wand of enslavement (8)
Scrolls
 e - a scroll of fog {unknown}
 h - 6 scrolls of identify
 l - 5 scrolls of amnesia
 o - 5 scrolls of teleportation
 q - 4 scrolls of enchant weapon {unknown}
 w - 3 scrolls of remove curse
 x - 2 scrolls of immolation {unknown}
 C - a scroll of enchant armour {unknown}
 E - a scroll of blinking {unknown}
Potions
 i - 2 potions of flight
 j - 3 potions of curing
 m - a potion of brilliance {unknown}
 t - a potion of haste {unknown}
 u - a potion of cancellation {unknown}
 v - a potion of might {unknown}
 A - a potion of ambrosia {unknown}
 D - a potion of heal wounds {unknown}
 F - a potion of mutation {unknown}
Books
 c - a book of Maledictions

   Spells                             Type                      Level
   a - Corona                         Hexes                        1
   b - Ensorcelled Hibernation        Hexes/Ice                    2
   c - Confuse                        Hexes                        3
   d - Tukima's Dance                 Hexes                        3
   e - Dazzling Spray                 Conjuration/Hexes            3
Comestibles
 d - 9 rations


   Skills:
 - Level 4.2 Fighting
 - Level 4.0 Short Blades
 - Level 3.0 Dodging
 + Level 10.9 Stealth
 - Level 9.0 Spellcasting
 - Level 7.4 Hexes


You had 14 spell levels left.
You knew the following spells:

 Your Spells              Type           Power        Failure   Level  Hunger
a - Corona                Hex            #####..      1%          1    None
c - Confuse               Hex            #####...     1%          3    None
f - Dazzling Spray        Conj/Hex       ###...       4%          3    None
i - Ensorcelled Hibernat  Hex/Ice        ###...       2%          2    None
t - Tukima's Dance        Hex            #####...     1%          3    None


Dungeon Overview and Level Annotations

Branches:
Dungeon (8/15)             Temple (1/1) D:5
   Lair: D:8-11

Altars:
Ashenzari
Cheibriados
Dithmenos
Elyvilon
Fedhas
Gozag
Hepliaklqana
Kikubaaqudgha
Makhleb
Nemelex Xobeh
Okawaru
Qazlal
Ru
Sif Muna
Trog
Uskayaw
Vehumet
Wu Jian
Xom
Yredelemnul
Zin

Annotations:
D:6 2 runed doors
D:7 Nanban's ghost, amateur DECj
D:8 Agrougrou's ghost, novice OpTm


Innate Abilities, Weirdness & Mutations

You are very small and have problems with some larger weapons.
You are too small for most types of armour.
You have supernaturally acute eyesight. (SInv)
You are a herbivore.
You cover ground extremely quickly.
You need consume almost no food.


Message History

Aiming: Tukima's Dance
Press: ? - help, Shift-Dir - straight line, f - skeletal warrior
Aim: a skeletal warrior, wielding a dire flail (chance to defeat MR: 13%)
The skeletal warrior resists with almost no effort.
The skeletal warrior hits you with a dire flail!!
Ouch! That really hurt!
You take 25 damage, and have 20/45 hp.
MASSIVE DAMAGE!!
You now have 18/23 mp.
You feel better.
The skeletal warrior hits you with a dire flail!!
Ouch! That really hurt!
* * * LOW HITPOINT WARNING * * *
The skeletal warrior barely misses you.
You take 16 damage, and have 4/45 hp.
MASSIVE DAMAGE!!
You feel better.
The skeletal warrior hits you with a dire flail!
* * * LOW HITPOINT WARNING * * *
The skeletal warrior completely misses you.
The skeletal warrior hits you from afar with a glaive!!
You die...
Your body crumbles into a pile of gold.

#.### #.# #.#
####### #.#
#...$<. #.#
#.##### #.# #.#
#.# ########## #.#
#.# #.zz.....# #.#
#.# #@######.. #.#
#.# #z#### #.# #.#
#....# #.# #.#
#.##.# #.#
#.#####.# #
#)########.......#
#................#
##################


You could see 3 skeletal warriors.

Vanquished Creatures
  A hippogriff (D:7)
  Sigmund (D:6)
  Eustachio (D:5)
  An orc warrior (D:7)
  4 ice beasts
  A necrophage (D:6)
  An ogre (D:5)
  2 centaurs (D:7)
  2 bullfrogs
  A scorpion (D:6)
  2 killer bees (D:8)
  A howler monkey (D:7)
  2 jellies
  A crimson imp (D:5)
  A bullfrog zombie (D:2)
  A centaur zombie (D:5)
  A quasit (D:7)
  A bullfrog skeleton (D:7)
  2 orc priests
  2 hounds
  4 orc wizards
  An iguana (D:5)
  9 worker ants
  2 hound skeletons
  Robin (D:4)
  2 worker ant zombies
  4 gnolls
  7 adders
  2 shadow imps
  An ooze (D:6)
  An adder zombie (D:5)
  2 worms
  2 dart slugs
  5 leopard geckos
  16 orcs
  A ball python (D:2)
  14 bats
  4 giant cockroaches
  16 goblins
  12 hobgoblins
  7 jackals
  A quokka (D:3)
  5 frilled lizards
  7 kobolds
  A quokka skeleton (D:5)
  9 rats
165 creatures vanquished.

Vanquished Creatures (collateral kills)
  An ogre (D:6)
  Blork the orc (D:6)
  A gnoll (D:2)
  A goblin (D:4)
4 creatures vanquished.

Vanquished Creatures (others)
  3 dancing weapons
  A bat (D:3)
4 creatures vanquished.

Grand Total: 173 creatures vanquished

Notes
Turn   | Place    | Note
-------+----------+-------------------------------------------
     0 | D:1      | loljkpro the Spriggan Enchanter began the quest for the Orb.
     0 | D:1      | Reached XP level 1. HP: 9/9 MP: 5/5
   495 | D:1      | Reached XP level 2. HP: 7/13 MP: 5/7
   502 | D:1      | Reached skill level 5 in Stealth
   643 | D:2      | Learned a level 2 spell: Ensorcelled Hibernation
  1226 | D:1      | Reached XP level 3. HP: 16/16 MP: 6/8
  1293 | D:1      | Learned a level 3 spell: Confuse
  2456 | D:2      | Reached XP level 4. HP: 21/21 MP: 2/9
  2479 | D:2      | Reached skill level 5 in Hexes
  2580 | D:2      | Learned a level 3 spell: Tukima's Dance
  2907 | D:2      | Reached XP level 5. HP: 20/24 MP: 7/10
  4146 | D:4      | Noticed Robin
  4253 | D:4      | Killed Robin
  4486 | D:3      | Reached XP level 6. HP: 19/28 MP: 5/14
  4491 | D:3      | Learned a level 3 spell: Dazzling Spray
  4604 | D:4      | Reached skill level 5 in Spellcasting
  5135 | D:5      | Entered Level 5 of the Dungeon
  5467 | D:5      | Found a sparkling altar of Nemelex Xobeh.
  5713 | D:5      | Noticed an ice beast
  5726 | D:5      | Killed an ice beast
  5795 | D:5      | Reached XP level 7. HP: 26/32 MP: 13/18
  6285 | D:5      | Reached skill level 1 in Fighting
  6363 | D:5      | Found a snail-covered altar of Cheibriados.
  6377 | D:5      | Found a hazy altar of Hepliaklqana.
  6377 | D:5      | Found a snail-covered altar of Cheibriados.
  6378 | D:5      | Found a shattered altar of Ashenzari.
  6378 | D:5      | Found a white marble altar of Elyvilon.
  6379 | D:5      | Found a hide-covered altar of Uskayaw.
  6379 | D:5      | Found a glowing silver altar of Zin.
  6381 | D:5      | Found a shadowy altar of Dithmenos.
  6381 | D:5      | Found a blossoming altar of Fedhas.
  6383 | D:5      | Found a burning altar of Makhleb.
  6383 | D:5      | Found an ornate altar of the Wu Jian Council.
  6384 | D:5      | Found an opulent altar of Gozag.
  6384 | D:5      | Found a deep blue altar of Sif Muna.
  6387 | D:5      | Found a staircase to the Ecumenical Temple.
  6392 | D:5      | Became a worshipper of Gozag Ym Sagoz the Greedy
  6404 | Temple   | Entered the Ecumenical Temple
  6678 | D:5      | Found a bloodstained altar of Trog.
  6971 | D:5      | Found a deep blue altar of Sif Muna.
  7006 | D:6      | Noticed Sigmund
  7006 | D:6      | Noticed Eustachio
  7015 | D:5      | Killed Eustachio
  7246 | D:6      | Reached XP level 8. HP: 40/42 MP: 12/19
  7643 | D:6      | Killed Sigmund
  7697 | D:6      | Noticed Blork the orc
  7710 | D:6      | Killed Blork the orc
  7928 | D:6      | Found a runed door.
  8009 | D:6      | Found a runed door.
  8275 | D:6      | Reached skill level 6 in Stealth
  8341 | D:7      | Reached skill level 7 in Stealth
  8345 | D:7      | Reached XP level 9. HP: 45/45 MP: 23/23
  8450 | D:7      | Reached skill level 8 in Stealth
  8512 | D:7      | Noticed Nanban's ghost (amateur DECj)
  8648 | D:7      | Reached skill level 9 in Stealth
  8942 | D:7      | You fall through a shaft!
  8992 | D:8      | Noticed a skeletal warrior
  9044 | D:8      | Noticed a skeletal warrior
  9051 | D:7      | Reached skill level 10 in Stealth
  9147 | D:8      | Noticed Agrougrou's ghost (novice OpTm)
  9254 | D:8      | Noticed a skeletal warrior
  9261 | D:8      | HP: 1/45 [skeletal warrior/dire flail (9)]
  9261 | D:8      | Demolished by a skeletal warrior

Skill      XL: |  1  2  3  4  5  6  7  8  9 |
---------------+----------------------------+-----
Spellcasting   | 3 4 7 9 |  9.0
Stealth        | 5 7 10 | 10.9
Hexes          | 4 5 7 |  7.4
Short Blades   | 3 4 |  4.0
Fighting       | 4 |  4.2
Dodging        | |  3.0

Action                   |  1- 3 |  4- 6 |  7- 9 || total
-------------------------+-------+-------+-------++-------
Melee: Dagger            |   143 |   180 |   138 ||   461
 Cast: Corona            |    38 |    37 |    23 ||    98
       Ensorcelled Hiber |    23 |    44 |    54 ||   121
       Confuse           |     2 |    12 |    21 ||    35
       Tukima's Dance    |       |     6 |    16 ||    22
  Use: Scroll            |       |     7 |     2 ||     9
       Potion            |       |       |     2 ||     2
 Stab: Sleeping          |    17 |    41 |    45 ||   103
       Confused          |       |     5 |    14 ||    19
  Eat: Ration            |       |     3 |     1 ||     4
Armor: Robe              |    24 |    16 |     2 ||    42
Dodge: Dodged            |   210 |   143 |   106 ||   459
